 Dungeon Crawl Stone Soup version 0.32-a0-132-g2d33c3cfaf (webtiles) character file.

Game seed: 5129212201947955666

2 ragingrage the Sneak (level 1, -1/13 HPs)
             Began as a Deep Elf Delver on Feb 9, 2024.
             Slain by an orc
             ... wielding a +0 flail
              (7 damage)
             ... on level 5 of the Dungeon.
             The game lasted 00:00:10 (19 turns).

ragingrage the Sneak (Deep Elf Delver)                Turns: 19, Time: 00:00:11

Health: -1/13      AC:  3    Str:  9    XL:     1   Next: 25%
Magic:  3/3        EV: 12    Int: 14    God:
Gold:   0          SH:  0    Dex: 16    Spells: 0/0 levels left

rFire   . . .        a - +0 short sword
rCold   . . .        (no shield)
rNeg    . . .        b - +0 leather armour
rPois   .            (no helmet)
rElec   .            (no cloak)
rCorr   .            (no gloves)
SInv    .            (no boots)
Will    .....        (no amulet)
Stlth   +++          (no ring)
HPRegen 0.22/turn    (no ring)
MPRegen 0.08/turn

%: no passive effects
@: hasted, very quick
A: no striking features
a: no special abilities


You were on level 5 of the Dungeon.
You visited 1 branch of the dungeon, and saw 1 of its levels.

Inventory:

Hand Weapons
 a - a +0 short sword (weapon)
Armour
 b - a +0 leather armour (worn)
Wands
 g - a wand of digging (3)
Scrolls
 c - a scroll of fog
 d - a scroll of revelation
 e - a scroll of fear


   Skills:
 - Level 2.4 Fighting
 + Level 2.2 Short Blades
 - Level 2.4 Dodging
 - Level 6.0 Stealth


You couldn't memorise any spells.
You didn't know any spells.
Your spell library was empty.

Dungeon Overview and Level Annotations

Branches:
Dungeon (5/15)
 Temple: D:4-7

Altars:


Message History

Options error: Missing colour in message_colour setting: 'before it is too late' Options error: Bad colour 'boring' in message_colour setting: 'boring:disappears without a glow' Options error: Bad colour 'boring' in message_colour setting: 'boring:disappears without a sign' Options error: Bad colour 'boring' in message_colour setting: 'boring:glow with a rainbow of weird colours and disappear' Options error: Bad colour 'boring' in message_colour setting: 'boring:glows slightly and disappears' Options error: Bad colour 'boring' in message_colour setting: 'boring:is slowly consumed by flames' Options error: Bad colour 'boring' in message_colour setting: 'boring:slowly burns to ash' Options error: Bad colour 'boring' in message_colour setting: 'boring:slowly crumbles into the ground' Options error: Bad colour 'boring' in message_colour setting: 'boring:shimmers? and breaks? into pieces' Options error: Bad colour 'boring' in message_colour setting: 'boring:disappears into the void' Options error: Bad colour 'boring' in message_colour setting: 'boring:stares at you suspiciously for a moment' Options error: Bad colour 'boring' in message_colour setting: 'boring:trembles before you' Options error: Bad colour 'boring' in message_colour setting: 'boring:You feel mildly nauseous' Options error: Bad colour 'boring' in message_colour setting: 'boring:Multicoloured lights dance around' Options error: Missing colour in message_colour setting: 'Shift\-Dir \- straight line' Options error: Missing colour in message_colour setting: 'f \- you' Welcome, ragingrage the Deep Elf Delver.
The legendary Orb of Zot lies far below, as if waiting for you to find it.
Found a stone staircase leading down.
An orc comes into view. It is wielding a +0 dagger.
An orc comes into view. It is wielding a +0 flail.
The orc shouts!
You hear a shout! x3
The orc shouts!
The orc hits you with a +0 dagger.
You barely miss the orc. You hit the orc but do no damage.
The orc closely misses you.
An orc comes into view. It is wielding a +0 short sword.
You hit the orc. The orc hits you with a +0 dagger.
You feel yourself speed up. The orc hits you with a +0 dagger.
You closely miss the orc. The orc hits you with a +0 dagger.
You hit the orc.
You kill the orc!
An orc priest and an orc wizard come into view.
The orc closely misses you. x2
Things that are here:
a +0 dagger; an orc corpse You closely miss the orc.
The orc hits you with a +0 flail!
Ouch! That really hurt!
You die...

#. .# #.# .#
#.#.# .# #.#.# .#
#.#.# o# #.#.# o#
#.#.##o# #....@o#
######...####
#........#
######.#.#
#......#+# ##
#..#.........
#...##.#.#.......
#....>..#.......
#.###.#.#.......


You could see an orc priest, an orc wizard and 2 orcs.

Vanquished Creatures
  An orc (D:5)
1 creature vanquished.

Notes
Turn   | Place    | Note
-------+----------+-------------------------------------------
     0 | D:5      | ragingrage the Deep Elf Delver began the quest for the Orb.
     0 | D:5      | Reached XP level 1. HP: 13/13 MP: 3/3
    18 | D:5      | Noticed an orc priest
    18 | D:5      | Noticed an orc wizard
    19 | D:5      | Slain by an orc

Illustrated notes

Levels and vault maps discovered:
D:5:      layout_basic, ebering_ghost_sewer_f, lightli_corner_chamber

Action                     || total
---------------------------++-------
  Melee: Short sword       ||     6
    Use: Potion            ||     1
 Armour: Leather armour    ||     5
  Dodge: Dodged            ||     3

Table legend: (Time is in decaauts)
 A = Elapsed time spent in this place.
 B = Non-inter-level travel time spent in this place.
 C = Inter-level travel time spent in this place.
 D = Time resting spent in this place.
 E = Time spent auto-exploring this place.
 F = Levels seen in this place.
 G = Mean time per level.
                   A        B        C        D        E       F      G
               +--------+--------+--------+--------+--------+-----+--------+
         Total |     17 |     17 |      0 |      0 |      4 |   1 |   17.0 |
       Dungeon |     17 |     17 |      0 |      0 |      4 |   1 |   17.0 |
               +--------+--------+--------+--------+--------+-----+--------+

Top non-repeatable levels by time:
     D:5: 17 daAuts
